 Dungeon Sprint DCSS version 0.24-a0-525-g9231cdc (webtiles) character file.

Game seed: 7157083635249119613

697 silentkaos13 the Unseen (level 7, -4/66 HPs)
             Began as a Kobold Assassin on Aug 3, 2019.
             Was an Initiate of Dithmenos.
             Slain by a chaos spawn (11 damage)
             ... summoned by a kobold demonologist
             ... in the Dungeon (Sprint I: "Red Sonja").
             The game lasted 00:02:06 (537 turns).

silentkaos13 the Unseen (Kobold Assassin)            Turns: 537, Time: 00:02:07

Health: -4/66      AC:  4    Str: 14    XL:     7   Next: 97%
Magic:  7/7        EV: 15    Int: 12    God:    Dithmenos [......]
Gold:   382        SH:  0    Dex: 18    Spells: 6/6 levels left

rFire    . . .     SeeInvis .   a - +2 dagger
rCold    . . .     Gourm    .   (shield restricted)
rNeg     . . .     Faith    .   n - +0 leather armour
rPois    .         Spirit   .   (no helmet)
rElec    .         Reflect  .   c - +0 cloak
rCorr    .         Harm     .   (no gloves)
MR       .....     NoTele   +   (no boots)
Stlth    ..........             (no amulet)
HPRegen  0.21/turn              o - ring of attention (curse)
MPRegen  0.10/turn              (no ring)

@: berserking (expiring), very quick
A: small, carnivore
a: Renounce Religion


You were in the Dungeon.
You worshipped Dithmenos.
Dithmenos was noncommittal.
You were not hungry.

You visited 1 branch You collected 418 gold pieces.
You spent 36 gold pieces at shops.

Inventory:

Hand Weapons
 a - a +2 dagger (weapon)
Missiles
 d - 8 poisoned darts (quivered)
 e - 2 curare-tipped darts
 p - 5 atropa-tipped darts
Armour
 b - a +0 robe
 c - a +0 cloak (worn)
 n - a +0 leather armour (worn)
Jewellery
 o - a cursed ring of attention (left hand)
Wands
 m - a wand of random effects (32)
Scrolls
 l - a scroll of blinking
Potions
 g - a potion of curing
 h - a potion of heal wounds
 i - a potion of haste
 j - 2 potions of magic
Comestibles
 f - a ration


   Skills:
 + Level 5.3 Fighting
 + Level 7.5 Short Blades
 + Level 6.1 Throwing
 + Level 1.7 Armour
 + Level 2.4 Dodging
 + Level 17.8 Stealth


You had 6 spell levels left.
You didn't know any spells.
Your spell library was empty.

Dungeon Overview and Level Annotations

Branches:
Dungeon (1/1)

Altars:
Cheibriados
Dithmenos
Elyvilon
Fedhas
Gozag
Hepliaklqana
Kikubaaqudgha
Makhleb
Nemelex Xobeh
Okawaru
Qazlal
Ru
Sif Muna
Trog
Uskayaw
Vehumet
Wu Jian
Xom
Yredelemnul
Zin
The Shining One
Jiyva
Lugonu

Shops:
D *


Innate Abilities, Weirdness & Mutations

You are small and have problems with some larger weapons.
You are carnivorous and can eat meat at any time.


Message History

The chaos spawn hits you but does no damage.
The red devil hits you from afar with a +0 demon trident of freezing!
The red devil freezes you.
You hit the kobold demonologist.
The kobold demonologist is heavily wounded.
The kobold demonologist looks satisfied for a moment.
The kobold demonologist hits you but does no damage.
You barely miss the kobold demonologist.
The kobold demonologist is heavily wounded.
The chaos spawn misses you.
You hit the kobold demonologist.
The kobold demonologist is heavily wounded.
The red devil barely misses you.
The kobold demonologist barely misses you.
You hit the kobold demonologist.
The kobold demonologist is heavily wounded.
The chaos spawn gores you!
* * * LOW HITPOINT WARNING * * *
You are engulfed in flames!
You die...

#####################
.'..#.)'..#__#..@K4.#
.#..'..#..'..'..#44.#
###'#####'#__####K4.+
##..#...#.#### ####
_####..##.#
____##'#_.+
.∩...'..._#
..__##_.#'#
____###+#)#


You could see an ice devil, 2 kobold demonologists, 2 chaos spawn and a red
devil.

Vanquished Creatures
  A slime creature (D)
  Sigmund (D)
  A yak (D)
  A floating eye (D)
  An ogre (D)
  A jelly (D)
  Ijyb (D)
7 creatures vanquished.

Vanquished Creatures (others)
  A gargoyle (D)
1 creature vanquished.

Grand Total: 8 creatures vanquished

Notes
Turn   | Place    | Note
-------+----------+-------------------------------------------
     0 | D        | silentkaos13 the Kobold Assassin began the quest for the
                  | Orb.
     0 | D        | Reached XP level 1. HP: 12/12 MP: 1/1
     1 | D        | Noticed Ijyb
     4 | D        | Killed Ijyb
     4 | D        | Reached skill level 8 in Stealth
     4 | D        | Reached XP level 2. HP: 18/18 MP: 2/2
     4 | D        | Reached XP level 3. HP: 22/22 MP: 3/3
   104 | D        | Killed a gargoyle
   118 | D        | Noticed an ogre
   137 | D        | Killed an ogre
   137 | D        | Reached skill level 11 in Stealth
   137 | D        | Reached XP level 4. HP: 4/28 MP: 4/4
   137 | D        | Reached XP level 5. HP: 5/32 MP: 5/5
   423 | D        | Noticed Sigmund
   426 | D        | Killed Sigmund
   426 | D        | Reached skill level 5 in Short Blades
   426 | D        | Reached skill level 14 in Stealth
   426 | D        | Reached XP level 6. HP: 38/38 MP: 6/6
   442 | D        | Found an ornate altar of the Wu Jian Council.
   442 | D        | Found a deep blue altar of Sif Muna.
   444 | D        | Found a radiant altar of Vehumet.
   448 | D        | Reached skill level 5 in Throwing
   448 | D        | Reached skill level 1 in Armour
   481 | D        | Found Heumah's General Store.
   481 | D        | Found an ancient bone altar of Kikubaaqudgha.
   481 | D        | Found a hazy altar of Hepliaklqana.
   481 | D        | Found a stormy altar of Qazlal.
   481 | D        | Found a hide-covered altar of Uskayaw.
   481 | D        | Found a blossoming altar of Fedhas.
   481 | D        | Found a bloodstained altar of Trog.
   481 | D        | Found an iron altar of Okawaru.
   481 | D        | Found a basalt altar of Yredelemnul.
   481 | D        | Found a glowing golden altar of the Shining One.
   481 | D        | Found a snail-covered altar of Cheibriados.
   481 | D        | Found a sacrificial altar of Ru.
   481 | D        | Found a glowing silver altar of Zin.
   481 | D        | Found a shadowy altar of Dithmenos.
   481 | D        | Found a white marble altar of Elyvilon.
   481 | D        | Noticed a yak
   482 | D        | Found an opulent altar of Gozag.
   483 | D        | Killed a yak
   483 | D        | Reached skill level 16 in Stealth
   483 | D        | Reached XP level 7. HP: 44/44 MP: 7/7
   484 | D        | Found a sparkling altar of Nemelex Xobeh.
   488 | D        | Bought 5 atropa-tipped darts for 36 gold pieces
   490 | D        | Became a worshipper of Dithmenos the Shadowed
   505 | D        | Found a burning altar of Makhleb.
   505 | D        | Found a viscous altar of Jiyva.
   505 | D        | Found a shimmering altar of Xom.
   505 | D        | Found a corrupted altar of Lugonu.
   505 | D        | Noticed a slime creature
   508 | D        | Killed a slime creature
   508 | D        | Reached skill level 5 in Fighting
   508 | D        | Reached skill level 17 in Stealth
   521 | D        | Noticed a kobold demonologist
   522 | D        | Noticed a kobold demonologist
   523 | D        | Noticed a chaos spawn
   527 | D        | Noticed a chaos spawn
   529 | D        | Noticed a red devil
   530 | D        | Noticed an ice devil
   537 | D        | Slain by a chaos spawn

Levels and vault maps discovered:
D:        dungeon_sprint_1 [red_sonja_temple_1, red_sonja_temple_small_1]

Skill      XL: |  1  2  3  4  5  6  7 |
---------------+----------------------+-----
Short Blades   | 3 4 5 6 7 |  7.5
Stealth        | 8 11 14 16 17 | 17.8
Fighting       | 3 4 5 |  5.3
Throwing       | 3 4 5 6 |  6.1
Armour         | 1 |  1.7
Dodging        | 2 |  2.4

Action                   |  1- 3 |  4- 6 |  7- 9 || total
-------------------------+-------+-------+-------++-------
Melee: Dagger            |     9 |     3 |    15 ||    27
Throw: Dart              |     4 |       |       ||     4
  Use: Potion            |       |       |     1 ||     1
 Stab: Sleeping          |     1 |     3 |     1 ||     5
Armor: Leather armour    |       |       |     2 ||     2
Dodge: Dodged            |     6 |       |     7 ||    13

Table legend:
 A = Non-vault XP
 B = Vault XP
 C = Vault XP percentage of total XP
 D = Non-vault monster count
 E = Vault monster count
 F = Vault count percentage of total count
                 A         B        C        D         E       F
            +---------+---------+-------+---------+---------+-------
      Total |       0 |     997 | 100.0 |       0 |       7 | 100.0
            +---------+---------+-------+---------+---------+-------
          D |       0 |     997 | 100.0 |       0 |       7 | 100.0
            +---------+---------+-------+---------+---------+-------
